 Dungeon Crawl Stone Soup version 0.29-a0-207-gf982a884d8 (webtiles) character file.

Game seed: 10569858275336360959

42 drugrobin the Poker (level 3, -1/29 HPs)
             Began as a Demigod Warper on Feb 23, 2022.
             Slain by a gnoll
             ... wielding a +0 flail
              (11 damage)
             ... on level 2 of the Dungeon.
             The game lasted 00:04:15 (1745 turns).

drugrobin the Poker (Demigod Warper)                Turns: 1745, Time: 00:04:16

Health: -1/29      AC:  4    Str: 16    XL:     3   Next: 17%
Magic:  8/8        EV: 11    Int: 15    God:
Gold:   44         SH:  0    Dex: 13    Spells: 0/5 levels left

rFire   . . .      SeeInvis .   a - +0 spear
rCold   . . .      Faith    .   (no shield)
rNeg    . . .      Spirit   .   b - +0 leather armour
rPois   .          Reflect  .   (no helmet)
rElec   .          Harm     .   j - +0 cloak
rCorr   .          Rampage  .   (no gloves)
Will    .....                   (no boots)
Stlth   +.........              (no amulet)
HPRegen 0.09/turn               (no ring)
MPRegen 0.11/turn               (no ring)

@: no status effects
A: high MP 1, forlorn, divine attributes
a: no special abilities


You were on level 2 of the Dungeon.
You visited 1 branch of the dungeon, and saw 2 of its levels.

You collected 44 gold pieces.

Inventory:

Hand Weapons
 a - a +0 spear (weapon)
 e - a +2 whip of holy wrath
Missiles
 h - 42 stones (quivered)
Armour
 b - a +0 leather armour (worn)
 j - a +0 cloak (worn)
Jewellery
 m - a ring of see invisible
Scrolls
 c - a scroll of blinking
 k - a scroll of vulnerability {unknown}
 l - a scroll of identify {unknown}
 p - a scroll of teleportation {unknown}
Potions
 f - 2 potions of curing {unknown}
 g - a potion of lignification {unknown}
 i - a potion of heal wounds {unknown}
 n - a potion of might {unknown}
 o - a potion of haste {unknown}


   Skills:
 - Level 1.7 Fighting
 + Level 3.4 Polearms
 - Level 0.8 Throwing
 - Level 0.8 Armour
 - Level 1.7 Dodging
 - Level 1.7 Spellcasting
 - Level 2.6 Translocations


You couldn't memorise any spells.
You knew the following spells:

 Your Spells              Type           Power      Damage    Failure   Level
a - Blink                 Tloc           18%        N/A       14%         2
b - Teleport Other        Tloc           9%         N/A       28%         3

Your spell library contained the following spells:

 Spells                   Type           Power      Damage    Failure   Level
 Gell's Gravitas          Tloc           9%         N/A       28%         3
 Lesser Beckoning         Tloc           9%         N/A       28%         3
 Manifold Assault         Tloc           9%         N/A       95%         5


Dungeon Overview and Level Annotations

Branches:
Dungeon (2/15)


Innate Abilities, Weirdness & Mutations

You have an increased reservoir of magic. (+10% MP)
You shall have no god before yourself.
Your divine heritage dramatically boosts your attributes as you level up.


Message History

The hound bites you but does no damage.
Okay, then.
Unknown command.
Casting: Blink (safe; 14% risk of failure)
Confirm with . or Enter, or press ? or * to list all spells.
You blink.
Throw: boomerang (disperse)
Press: ? - help, Shift-Dir - straight line, f/p - hound
Aim: a hound (almost dead, 43% to hit)
You throw a boomerang of dispersal.
The boomerang of dispersal closely misses the hound.
You hit the hound but do no damage.
The hound is almost dead.
The hound barely misses you.
You aren't carrying any items that you can evoke.
Blink to where?
Press: ? - help, Dir - move target, p - hound
As you read the scroll of blinking, it crumbles to dust.
You feel stable enough to blink again.
There is a stone staircase leading up here.
You climb upwards.
There is a stone staircase leading down here.
You start resting.
Magic restored.
You start resting.
HP restored.
There is a stone staircase leading down here.
You climb downwards.
The gnoll shouts! x3
The gnoll barely misses you.
The gnoll hits you from afar with a +0 spear!
The gnoll hits you from afar with a +0 spear.
The gnoll closely misses you.
The gnoll hits you from afar with a +0 spear.
You hear an angry hiss.
There is a stone staircase leading up, spattered with blood here.
Unknown command.
The gnoll hits you from afar with a +0 spear!
The gnoll hits you with a +0 flail!
You die...

#..# #..#
#..# #.##
#### #.#
#.. #.#
...
#.######
######.###
#.##...#
#....g...#
#.##.#.#
#@#
#.##..<#
#g#
#.##...#


gg# #......# ##.# ######## ... .. #.# ### #.# #.# You could see 4 gnolls.

Vanquished Creatures
  A worm (D:2)
  A dart slug (D:2)
  4 ball pythons
  5 bats
  2 giant cockroaches
  2 goblins (D:1)
  A hobgoblin (D:1)
  4 jackals (D:1)
  4 kobolds
  A quokka (D:1)
  3 frilled lizards (D:1)
  6 rats
34 creatures vanquished.

Notes
Turn   | Place    | Note
-------+----------+-------------------------------------------
     0 | D:1      | drugrobin the Demigod Warper began the quest for the Orb.
     0 | D:1      | Reached XP level 1. HP: 17/17 MP: 5/5
    15 | D:1      | Reached skill level 2 in Polearms
   173 | D:1      | Reached XP level 2. HP: 23/24 MP: 7/7
   176 | D:1      | Learned a level 2 spell: Blink
   504 | D:1      | Reached skill level 3 in Polearms
  1186 | D:2      | Reached XP level 3. HP: 24/29 MP: 8/8
  1246 | D:2      | Learned a level 3 spell: Teleport Other
  1745 | D:2      | Slain by a gnoll

Illustrated notes

Levels and vault maps discovered:
D:1:      nzn_arrival_crosshair, layout_loops_ring
D:2:      wad_crossroads, layout_basic, serial_shops, shop, bh_walls_and_bars

Skill      XL: |  1  2 |
---------------+-------+-----
Polearms       | 2 3 |  3.4
Fighting       | |  1.7
Throwing       | |  0.8
Armour         | |  0.8
Dodging        | |  1.7
Spellcasting   | |  1.7
Translocations | |  2.6

Action                   || total
-------------------------++-------
Melee: Spear             ||    91
       Whip              ||    60
       Punch             ||     3
Throw: Stone             ||     5
       Boomerang         ||     5
 Cast: Blink             ||     2
  Use: Scroll            ||     1
 Stab: Sleeping          ||     2
Armor: Leather armour    ||    33
Dodge: Dodged            ||    81

Table legend: (Time is in decaauts)
 A = Elapsed time spent in this place.
 B = Non-inter-level travel time spent in this place.
 C = Inter-level travel time spent in this place.
 D = Time resting spent in this place.
 E = Time spent auto-exploring this place.
 F = Levels seen in this place.
 G = Mean time per level.
                   A        B        C        D        E       F      G
               +--------+--------+--------+--------+--------+-----+--------+
         Total |   1748 |   1633 |    115 |    424 |    747 |   2 |  874.0 |
       Dungeon |   1748 |   1633 |    115 |    424 |    747 |   2 |  874.0 |
               +--------+--------+--------+--------+--------+-----+--------+

Top non-repeatable levels by time:
     D:1: 1421 daAuts
     D:2: 326 daAuts
